Map: Oxide LE

Players

SirGanks - Winner!

  • Race: Terran Terran
  • Spawn Location: 1:00

VOD

Have the link to the VOD?

Description

Time

  • Played on: March 18, 2021, 11:49 a.m.
  • Length: 23:42
Show
View Real Time Build Order
Export as new Build Order

SirGanks Terran - Winner!

Build Orders:  

Get SALT Encoding   

  12  0:01  SCV  
  13  0:19  SCV  
  14  0:26  Supply Depot  
  14  0:36  SCV  
  15  0:56  SCV  
  16  1:02  Barracks  
  16  1:13  SCV  
  17  1:30  SCV  
  17  1:35  Refinery  
  18  1:47  SCV  
  19  2:04  SCV  
  20  2:10  Supply Depot  
  20  2:20  Refinery  
  20  2:21  SCV  
  21  2:41  SCV  
  22  2:53  Marine  
  23  3:02  SCV  
  24  3:17  Barracks  
  24  3:22  Marine  
  24  3:23  SCV  
  26  3:43  SCV  
  26  3:47  Marine  
  28  4:00  SCV  
  28  4:01  Barracks  
  29  4:15  Marine  
  30  4:26  Bunker  
  30  4:43  Barracks Tech Lab  
  30  4:45  Barracks Tech Lab  
  30  4:55  Stimpack  
  30  5:18  Supply Depot  
  30  5:20  Barracks Tech Lab  
  30  5:25  Unknown  
  30  5:29  Orbital Command  
  30  6:07  Bunker  
  30  6:24  Command Center  
  30  6:31  Marauder x2  
  30  6:32  Marauder  
  30  6:34  SCV  
  30  6:37  Bunker  
  37  7:21  Concussive Shells  
  37  7:26  Marauder x2  
  37  7:27  Marauder  
  43  7:51  Barracks  
  43  7:54  Barracks  
  43  8:11  Refinery  
  43  8:18  SCV  
  44  8:24  SCV  
  45  8:43  Refinery  
  45  8:45  Marauder  
  45  8:46  Marauder x2  
  51  9:01  Barracks  
  51  9:11  Supply Depot  
  51  9:14  SCV x2  
  57  9:20  Marauder x2  
  53  9:21  Marauder  
  53  9:28  Barracks Reactor  
  53  9:29  Barracks Reactor  
  59  9:37  SCV x2  
  59  10:01  SCV  
  59  10:02  SCV  
  59  10:04  Marauder  
  59  10:05  Marauder x2  
  67  10:20  Supply Depot  
  67  10:21  Supply Depot  
  67  10:23  Supply Depot  
  67  10:33  Engineering Bay  
  67  10:36  Engineering Bay  
  67  10:38  Marauder  
  69  10:50  Marauder x2  
  69  10:54  SCV  
  69  10:55  SCV  
  75  11:14  Marine x2  
  75  11:15  Marine x3  
  75  11:16  Marine  
  81  11:36  Factory  
  81  11:38  SCV x2  
  83  12:05  Unknown, Missile Turret  
  83  12:09  Missile Turret  
  83  12:13  Missile Turret  
  83  12:16  SCV x2  
  83  12:19  Marine  
  86  12:20  Marine x3  
  86  12:21  Marine x2  
  86  12:23  Marauder  
  86  12:24  Marauder  
  95  12:46  Barracks Reactor, Marauder  
  97  12:52  SCV  
  97  12:53  SCV  
  97  12:56  Marine  
  97  12:57  Marine  
  97  12:58  Marine x2  
  103  13:00  Marauder  
  103  13:01  Marauder  
  103  13:09  SCV  
  80  13:10  SCV  
  109  13:54  Armory  
  109  14:12  Starport  
  109  14:14  Starport  
  109  14:15  Starport  
  109  14:36  SCV  
  110  14:52  Supply Depot  
  110  14:54  Supply Depot  
  110  14:56  Supply Depot  
  110  14:58  Supply Depot  
  110  15:04  SCV, Marauder  
  113  15:13  Starport Reactor  
  113  15:15  Starport Reactor  
  113  15:28  Starport Reactor, Supply Depot  
  113  15:57  SCV x2  
  115  16:13  Marauder x3  
  115  16:14  Marine  
  115  16:15  Marine x3  
  115  16:16  Marine x2  
  124  16:33  Terran Infantry Weapons Level 1  
  124  16:34  Terran Infantry Armor Level 1  
  124  16:39  Medivac x3  
  130  16:40  Medivac x2  
  130  16:41  Medivac  
  136  16:59  Supply Depot  
  136  17:00  Supply Depot  
  136  17:01  Supply Depot  
  136  17:04  Supply Depot  
  136  17:10  Supply Depot  
  105  17:20  Marauder x3  
  136  17:21  Marine x2  
  136  17:22  Marine x3  
  136  17:23  Marine  
  136  17:27  Unknown  
  148  18:57  Marauder x3  
  148  18:58  Marine  
  148  18:59  Marine x4  
  159  19:00  Marine  
  160  19:17  Terran Infantry Weapons Level 2  
  160  19:18  Terran Infantry Armor Level 2  
  160  19:49  Marauder x3  
  166  19:50  Marine x2  
  166  19:51  Marine x2  
  166  19:52  Marine x2  
  168  21:40  Unknown  
  168  21:50  Unknown  
  168  21:55  Unknown  
  168  22:28  Unknown  
Tags
 
Matchup
Co-op
Replay Pack
AI
Add a new tag
Caveats
  • Supply blocks, unpowered buildings, or Contaminate may cause inaccurate times.
  • Supply counts are checked every 10 seconds.